 Dungeon Crawl Stone Soup version 0.30-a0-591-g3c58d2bc28 (webtiles) character file.

Game seed: 10049421779478548456

414332 Citaku the Invulnerable (level 22, -11/213 HPs)
             Began as a Minotaur Fighter on Jan 5, 2023.
             Was the Champion of Wu Jian.
             Killed by divine providence
             ... invoked by a royal mummy
              (13 damage)
             ... on level 2 of the Tomb of the Ancients.
             The game lasted 02:24:11 (50400 turns).

Citaku the Invulnerable (Minotaur Fighter)         Turns: 50400, Time: 02:24:12

Health: -11/213    AC: 42    Str: 33    XL:     22   Next: 53%
Magic:  14/14      EV: 13    Int:  7    God:    Wu Jian [******]
Gold:   5208       SH: 25    Dex: 14    Spells: 21/21 levels left

rFire   + + +      SeeInvis +    a - +9 broad axe "Seseq" {flame, *Rage +Blink rElec Dex+5}
rCold   + . .      Faith    .    W - +4 kite shield "Ommogeuj" {rCorr MP-9 Slay+6 SInv}
rNeg    + + +      Spirit   .    C - +10 plate armour {rC+}
rPois   +          Reflect  +    (helmet restricted)
rElec   +          Harm     .    A - +2 cloak
rCorr   +          Rampage  .    E - +0 pair of gloves
Will    +++..      Clarity  +    Q - +2 pair of boots of Vaduren {rF+ Will+ rCorr Int+2} Stlth
                                 n - amulet of reflection
HPRegen 0.55/turn                F - ring "Aclut" {*Slow Fly rF++ rN+++}
MPRegen 0.14/turn                B - ring of poison resistance

@: lethally poisoned (-11 -> -14), silenced, marked, flying, heavily
contaminated, slowed, glowing, studying 2 skills, very slow
A: horns 2, retaliatory headbutt, clarity, high MP 1, strong-willed 1
}: 2/15 runes: serpentine, silver
a: Renounce Religion, Evoke Blink, Wall Jump


You were on level 2 of the Tomb of the Ancients.
You worshipped Wu Jian.
Wu Jian was exalted by your worship.
You visited 7 branches of the dungeon, and saw 36 of its levels.
You also visited: Trove and Gauntlet.

You collected 7181 gold pieces.
You spent 1973 gold pieces at shops.

Inventory:

Hand Weapons
 a - the +9 broad axe "Seseq" (weapon) {flame, *Rage +Blink rElec Dex+5}
   (You found it on level 15 of the Dungeon)

   Dex:       It affects your dexterity (+5).
   rElec:     It insulates you from electricity.
   +Blink:    It lets you blink.
   *Rage:     It berserks you when you make melee attacks (+20% chance).
Missiles
 H - 13 silver javelins (quivered)
 I - 2 throwing nets
Armour
 A - a +2 cloak (worn)
 C - a +10 plate armour of cold resistance (worn)
 E - a +0 pair of gloves (worn)
 J - a +4 crystal plate armour
 Q - the +2 pair of boots of Vaduren (worn) {rF+ Will+ rCorr Int+2}
   (You found it in a treasure trove)

   Int:       It affects your intelligence (+2).
   rF:        It protects you from fire.
   rCorr:     It protects you from acid and corrosion.
   Will:      It increases your willpower.
 W - the +4 kite shield "Ommogeuj" (worn) {rCorr MP-9 Slay+6 SInv}
   (You found it on level 5 of the Vaults)

   Slay:      It affects your accuracy & damage with ranged weapons and melee
   (+6).
   MP:        It affects your magic capacity (-9).
   SInv:      It lets you see invisible.
   rCorr:     It protects you from acid and corrosion.
Jewellery
 n - an amulet of reflection (around neck)
 u - the ring "Faanuwno" {rN+ AC+4 Str+6 Int+3}
   (You acquired it on level 4 of the Vaults)

   [ring of protection]

   AC:        It affects your AC (+4).
   Str:       It affects your strength (+6).
   Int:       It affects your intelligence (+3).
   rN:        It protects you from negative energy.
 B - a ring of poison resistance (right hand)
 F - the ring "Aclut" (left hand) {*Slow Fly rF++ rN+++}
   (You bought it in a shop on level 2 of the Orcish Mines)

   [ring of flight]

   rF:        It greatly protects you from fire.
   rN:        It renders you almost immune to negative energy.
   Fly:       It grants you flight.
   *Slow:     It may slow you when you take damage.
Wands
 b - a wand of paralysis (17)
 k - a wand of iceblast (44)
 l - a wand of quicksilver (24)
 v - a wand of polymorph (29)
 y - a wand of digging (17)
 L - a wand of mindburst (29)
 N - a wand of flame (72)
Scrolls
 c - 4 scrolls of poison
 d - 3 scrolls of silence
 f - 10 scrolls of vulnerability
 j - 9 scrolls of amnesia
 m - 4 scrolls of enchant weapon
 s - 2 scrolls of fear
 t - 6 scrolls of fog
 w - 10 scrolls of teleportation
 x - 6 scrolls of torment
 D - a scroll of magic mapping
Potions
 e - 3 potions of cancellation
 g - 5 potions of magic
 h - 9 potions of mutation
 o - a potion of invisibility
 p - 4 potions of attraction
 q - a potion of flight
 r - 8 potions of curing
 z - 4 potions of brilliance
 G - 8 potions of ambrosia
Miscellaneous
 K - a condenser vane
 O - a tin of tremorstones (2/2)
 R - a box of beasts
 U - a lightning rod (4/4)
 V - a phantom mirror


   Skills:
 + Level 21.6 Fighting
 O Level 27 Axes
 O Level 27 Armour
 * Level 9.2 Dodging
 + Level 22.0 Shields


You had 21 spell levels left.
You didn't know any spells.
Your spell library contained the following spells:

 Spells                   Type           Power      Damage    Failure   Level
 Foxfire                  Conj/Fire      0%         2x1d4     83%         1
 Kiss of Death            Conj/Necr      0%         2d5       83%         1
 Sandblast                Erth           0%         2d4       83%         1
 Slow                     Hex            0%         N/A       83%         1
 Sting                    Tmut/Pois      0%         1d3       83%         1
 Summon Small Mammal      Summ           0%         N/A       83%         1
 Cigotuvi's Dreadful Rot  Necr/Pois/Air  0%         N/A       92%         2
 Passwall                 Tmut/Erth      0%         N/A       92%         2
 Poisonous Vapours        Pois/Air       0%         N/A       92%         2
 Scorch                   Fire           0%         2d5       92%         2
 Sublimation of Blood     Necr           0%         N/A       92%         2
 Wereblood                Tmut           0%         N/A       92%         2
 Call Canine Familiar     Summ           0%         N/A       99%         3
 Confusing Touch          Hex            0%         N/A       99%         3
 Ignite Poison            Fire/Tmut/Pois 0%         N/A       99%         3
 Mephitic Cloud           Conj/Pois/Air  0%         N/A       99%         3
 Ozocubu's Armour         Ice            0%         N/A       99%         3
 Stone Arrow              Conj/Erth      0%         3d7       99%         3
 Summon Guardian Golem    Hex/Summ       0%         N/A       99%         3
 Vampiric Draining        Necr           0%         2d6       99%         3
 Airstrike                Air            0%         2d(0-16)  100%        4
 Anguish                  Hex/Necr       0%         N/A       100%        4
 Animate Armour           Summ/Erth      0%         N/A       100%        4
 Dispel Undead            Necr           0%         3d6       100%        4
 Flame Wave               Conj/Fire      0%         2d4       100%        4
 Leda's Liquefaction      Hex/Erth       0%         N/A       100%        4
 Olgreb's Toxic Radiance  Pois           0%         N/A       100%        4
 Sticky Flame             Conj/Fire      0%         2d3       100%        4
 Summon Ice Beast         Ice/Summ       0%         N/A       100%        4
 Fireball                 Conj/Fire      0%         3d3       100%        5
 Iskenderun's Battlesphe  Conj           0%         2d6       100%        5
 Lee's Rapid Deconstruct  Erth           0%         3d4*      100%        5
 Summon Forest            Summ/Tloc      0%         N/A       100%        5
 Conjure Ball Lightning   Conj/Air       0%         3x3d6     100%        6
 Eringya's Noxious Bog    Tmut/Pois      0%         N/A       100%        6
 Simulacrum               Ice/Necr       0%         N/A       100%        6
 Starburst                Conj/Fire      0%         6d3       100%        6
 Statue Form              Tmut/Erth      0%         N/A       100%        6
 Summon Cactus Giant      Summ           0%         N/A       100%        6
 Enfeeble                 Hex            0%         N/A       100%        7
 Orb of Destruction       Conj           0%         9d5       100%        7
 Summon Hydra             Summ           0%         N/A       100%        7
 Borgnjor's Revivificati  Necr           0%         N/A       100%        8
 Discord                  Hex            0%         N/A       100%        8
 Disjunction              Tloc           0%         N/A       100%        8
 Ignition                 Fire           0%         3d3       100%        8
 Lehudib's Crystal Spear  Conj/Erth      0%         10d2      100%        8
 Necromutation            Tmut/Necr      0%         N/A       100%        8
 Death's Door             Necr           0%         N/A       100%        9


Dungeon Overview and Level Annotations

Branches:
Dungeon (15/15)            Temple (0/1) D:7            Lair (5/5) D:8
  Swamp (0/4) Lair:3        Snake (4/4) Lair:3        Slime (0/5) Lair:4
    Orc (2/2) D:11            Elf (0/3) Orc:2        Vaults (5/5) D:14
  Crypt (3/3) Vaults:3       Tomb (2/3) Crypt:3      Depths (0/4) D:15
Gauntlet (visited)

Altars:
Ashenzari
Cheibriados
Fedhas
Kikubaaqudgha
Nemelex Xobeh
Qazlal
Vehumet
Wu Jian
Yredelemnul
Zin
Jiyva

Shops:
D:4 (:[(   D:7 *   D:15 *   Orc:2 [*=!   Snake:2 :   Vaults:2 =   Vaults:5 (

Portals:
Pandemonium: Orc:2

Annotations:
D:14 exclusion: orange crystal statue


Innate Abilities, Weirdness & Mutations

You have a pair of horns on your head.
You reflexively headbutt those who attack you in melee.
You possess an exceptional clarity of mind.
You have an increased reservoir of magic. (+10% MP)
You are strong-willed. (Will+)


Message History

You slash the flying skull!
You destroy the flying skull!
The Council accepts your kill.
You are engulfed in dark miasma.
You feel as though you will be slow longer.
* * * LOW HITPOINT WARNING * * *
x2 You feel very sick.
You block the shard shrike skeleton's attack.
The death scarab bites you but does no damage.
You block the shard shrike skeleton's attack.
The death scarab sets off the alarm!
A sentinel's mark forms upon you.
The death scarab bites you but does no damage.
A bennu comes into view.
The ushabti shakes and rattles.
The vile air hits you but does no damage.
The vile air hits the rust devil.
The vile air hits the death scarab but does no damage.
You block the guardian mummy's attack.
The mummy priest calls on the powers of darkness!
The bennu convulses!
You feel a surge of unholy energy.
The death scarab bites you but does no damage.
You spin and attack the death scarab.
You barely miss the death scarab.
You spin and attack the ushabti.
You slice the ushabti!! You burn the ushabti.
You destroy the ushabti!
The Council accepts your kill.
You spin and attack the guardian mummy repeatedly.
You slash the guardian mummy! You burn the guardian mummy.
The guardian mummy is heavily damaged.
You slash the guardian mummy! You burn the guardian mummy.
The guardian mummy is severely damaged.
* * * LOW HITPOINT WARNING * * *
You feel sick. You block the death scarab's attack.
The death scarab bites you but does no damage.
The death scarab closely misses you. You furiously retaliate!
You headbutt the death scarab!!
The bennu's plumage briefly flares with an otherwordly flame.
The royal mummy gestures at you while chanting.
Something smites you!
You die...

......^.........
..................
........M.....○...
........#...#○....
......°...M.○M....
....?.....B°......
.......B.B°.......
.......MM4B.......
.$.....@Z.M.......
.......B.MM°......
......MB..9.......
...b........MMM..^
..................
.....MM...........
..................
........#...#.....
..)............


You could see 4 royal mummies, a bennu, 2 mummy priests, 3 guardian mummies, an
ushabti (catching breath), a rust devil (summoned), 6 death scarabs, 5 mummies
and a shard shrike skeleton.

Vanquished Creatures
  A dread lich (Vaults:4)
  An ancient lich (Vaults:5)
  A royal mummy (Tomb:1)
  Margery (Crypt:3)
  Saint Roka (Crypt:2)
  3 golden dragons
  2 profane servitors (Crypt:3)
  3 quicksilver dragons
  3 titans
  8 liches
  9 ancient champions
  4 shadow dragons (Vaults:5)
  5 tengu reavers
  4 storm dragons
  8 sphinxes
  A revenant (Tomb:1)
  6 fire giants
  4 nagarajas (Snake:4)
  An iron dragon (shapeshifter) (Vaults:5)
  Louise (D:14)
  6 frost giants
  Aizul (Snake:2)
  18 vault wardens
  3 caustic shrike zombies
  An orc warlord (Orc:1)
  4 ghouls
  A curse skull (Crypt:3)
  8 very ugly things
  2 war gargoyles
  A juggernaut skeleton (Crypt:3)
  A reaper (Crypt:3)
  13 ironbound preservers
  7 vampire knights
  12 ironbound thunderhulks
  6 stone giants
  11 bennus
  Azrael (D:15)
  A minotaur (Gauntlet)
  12 dire elephants
  8 mummy priests
  The ghost of LetschGu the Covert, a journeyman AtDe of Uskayaw (D:10)
  3 eidola (Crypt:1)
  7 ettins
  The ghost of Qioq the Marksspriggan, a journeyman SpHu of Hepliaklqana (Orc:1)
  3 deep elf death magi
  12 jiangshi
  13 yaktaur captains
  A crystal guardian (Vaults:4)
  6 great orbs of eyes
  2 deep elf high priests (Vaults:5)
  3 entropy weavers
  Josephine (D:12)
  Fannar (Lair:1)
  6 hydras
  2 salamander tyrants (Snake:4)
  29 vault guards
  2 demonspawn (Orc:2)
  9 ironbound frosthearts
  4 ogre magi
  2 peacekeepers
  A spriggan skeleton (Crypt:1)
  The ghost of Ruockun the Thaumaturge, a journeyman DsNe of Kikubaaqudgha (Lair:3)
  5 anacondas
  30 centaur warriors
  10 two-headed ogres
  3 death knights
  9 boulder beetles
  2 deep troll earth magi (Vaults:5)
  3 tengu warriors
  The ghost of Querens the Covert, a journeyman SpEn of Wu Jian (D:12)
  17 death yaks
  8 vampire magi
  13 naga warriors
  An azure jelly zombie (Crypt:3)
  9 shock serpents
  Sonja (Lair:1)
  A bennu skeleton (Crypt:1)
  10 naga sharpshooters
  Urug (D:13)
  3 soul eaters
  2 titan skeletons
  A storm dragon zombie (Crypt:3)
  9 hell knights
  6 orc high priests
  A deep elf knight (Vaults:4)
  A shadow wraith (Crypt:2)
  3 salamander mystics
  A sixfirhy (Gauntlet)
  2 bunyip zombies
  A sea snake (shapeshifter) (Vaults:5)
  30 skeletal warriors
  36 deep trolls
  17 ironbound convokers
  A deep elf archer (Vaults:4)
  An orange crystal statue (Crypt:1)
  A bunyip skeleton (Crypt:1)
  A bog body (Crypt:1)
  2 flayed ghosts
  4 naga ritualists
  A deep elf pyromancer (Vaults:4)
  4 harpies (Vaults:1)
  A swamp dragon (shapeshifter) (Vaults:4)
  3 necromancers
  7 lindwurms
  5 phantasmal warriors
  9 orc knights
  Pikel (D:6)
  A tengu zombie (Crypt:1)
  A jorogumo zombie (Crypt:2)
  An iron dragon zombie (Crypt:2)
  10 mana vipers
  A wolf spider (D:15)
  8 wizards
  A faun (shapeshifter) (D:15)
  2 mana vipers (shapeshifter)
  8 orc sorcerers
  13 salamanders
  10 manticores
  3 oklob plants
  A frost giant zombie (Crypt:2)
  A shining eye (Gauntlet)
  33 ugly things
  2 tengu skeletons (Vaults:3)
  42 black mambas
  12 cyclopes
  An iron dragon skeleton (Crypt:2)
  14 elephants
  A shock serpent zombie (Crypt:1)
  17 vault sentinels
  Maurice (Orc:2)
  3 guardian serpents (Snake:4)
  A fire giant skeleton (Crypt:3)
  14 naga magi
  2 gargoyles
  A dire elephant skeleton (Crypt:1)
  7 komodo dragons
  2 naga skeletons
  13 cane toads
  A tengu conjurer (D:14)
  A yellow draconian zombie (Crypt:1)
  9 freezing wraiths
  42 yaktaurs
  4 rime drakes
  2 efreet
  17 guardian mummies
  A red devil (Orc:2)
  A grey draconian skeleton (Crypt:1)
  An unseen horror skeleton (Crypt:3)
  4 meliai
  A yaktaur skeleton (Vaults:3)
  The ghost of Dartaoz the Firebug, an amateur DrFE (D:3)
  2 polar bears
  4 hornets (Lair:5)
  11 trolls
  A tyrant leech (shapeshifter) (D:14)
  A harpy zombie (Tomb:1)
  A queen bee (Lair:1)
  2 blink frogs
  A guardian serpent zombie (Crypt:1)
  A boulder beetle zombie (Crypt:2)
  A meliai zombie (Crypt:1)
  12 dream sheep
  17 flying skulls
  3 ettin skeletons
  A centaur simulacrum (Crypt:1)
  20 slime creatures
  12 spriggans (Lair:5)
  A dire elephant simulacrum (Crypt:3)
  A black mamba zombie (Crypt:1)
  A spriggan (shapeshifter) (Vaults:5)
  11 wraiths
  5 fire elementals (D:15)
  A vampire (Crypt:3)
  3 wyverns
  32 yaks
  A hog (shapeshifter) (Vaults:5)
  4 basilisks
  A golden eye (Gauntlet)
  4 ushabtiu
  A chaos spawn (Orc:2)
  4 redbacks
  2 elf skeletons (Vaults:3)
  13 vampire mosquitoes
  43 nagas
  Menkaure (D:7)
  A redback simulacrum (D:15)
  3 wargs
  A hell hound (D:15)
  A glowing shapeshifter skeleton (Vaults:3)
  Duvessa (D:7)
  A demonspawn skeleton (Crypt:3)
  11 water moccasins
  An acid dragon (D:11)
  A floating eye (Gauntlet)
  42 orc warriors
  A faun skeleton (Crypt:2)
  11 ogres
  6 black bears
  A merfolk simulacrum (Crypt:1)
  8 boggarts
  A wolf (shapeshifter) (D:14)
  2 dream sheep skeletons
  A lindwurm skeleton (Crypt:1)
  13 centaurs
  27 wolves
  3 human skeletons (Vaults:3)
  3 kobold brigands
  2 necrophages (Crypt:1)
  8 bullfrogs
  A gnoll sergeant (D:6)
  3 scorpions
  A warg zombie (Crypt:2)
  4 wights (D:8)
  A polar bear zombie (Crypt:2)
  3 spriggan zombies
  Dowan (D:7)
  A warg skeleton (Crypt:3)
  35 killer bees
  An electric eel (D:12)
  8 howler monkeys
  A hound (D:5)
  4 jellies
  28 orc priests
  A gnoll bouda (D:6)
  5 iguanas
  13 orc wizards
  A hell rat (Lair:3)
  12 mummies
  13 gnolls
  14 adders
  A river rat (D:3)
  2 shadow imps (D:6)
  A white imp (D:7)
  6 ufetubi
  2 worm zombies
  A jelly zombie (Crypt:2)
  A worm (D:3)
  A dart slug (D:3)
  81 orcs
  6 ball pythons
  2 bats
  9 endoplasms
  6 giant cockroaches
  8 goblins
  4 hobgoblins
  3 jackals (D:5)
  25 kobolds
  5 quokkas
  2 endoplasm zombies (Crypt:1)
  4 frilled lizards (D:1)
  4 rats
  A bush (D:6)
  2 butterflies (Lair:4)
1581 creatures vanquished.

Vanquished Creatures (collateral kills)
  Vashnia (Snake:2)
  An ironbound preserver (Vaults:5)
  A very ugly thing (Vaults:2)
  A yaktaur captain (Vaults:5)
  An ettin (Vaults:5)
  A centaur warrior (Vaults:2)
  2 naga sharpshooters (Snake:2)
  A vault sentinel (Vaults:5)
  2 yaktaurs (Vaults:5)
11 creatures vanquished.

Vanquished Creatures (others)
  2 sphinxes (Tomb:1)
  A bennu (Tomb:1)
  2 wizards
  A manticore (shapeshifter) (D:14)
  A boggart (D:15)
  4 demonic plants (Gauntlet)
  10 fungi
  31 plants
  4 withered plants (Gauntlet)
56 creatures vanquished.

Grand Total: 1648 creatures vanquished

Notes
Turn   | Place    | Note
-------+----------+-------------------------------------------
     0 | D:1      | Citaku the Minotaur Fighter began the quest for the Orb.
     0 | D:1      | Reached XP level 1. HP: 19/19 MP: 0/0
   137 | D:1      | Reached XP level 2. HP: 27/27 MP: 1/1
   736 | D:2      | Reached XP level 3. HP: 27/33 MP: 2/2
  1091 | D:2      | Found a faded altar of an unknown god.
  1554 | D:3      | Reached XP level 4. HP: 34/40 MP: 3/3
  1561 | D:3      | Found a sparkling altar of Nemelex Xobeh.
  1809 | D:3      | You fall into a shaft and drop 1 floor!
  1821 | D:4      | Reached skill level 5 in Armour
  1947 | D:4      | Reached XP level 5. HP: 47/47 MP: 4/4
  2065 | D:4      | Found Pikkeusch's Book Boutique.
  2096 | D:4      | Found Hiegh's Weapon Shoppe.
  2155 | D:4      | Found Saosutz's Antique Armour Shoppe.
  2195 | D:4      | Reached skill level 5 in Axes
  2197 | D:4      | Reached XP level 6. HP: 18/55 MP: 5/5
  2203 | D:4      | Reached skill level 5 in Fighting
  2412 | D:4      | Found Orchirife's Antique Weapon Shop.
  2785 | D:5      | Entered Level 5 of the Dungeon
  2983 | D:5      | Reached XP level 7. HP: 14/61 MP: 6/6
  3364 | D:3      | Found a runed translucent door.
  3368 | D:3      | Noticed Dartaoz's ghost (amateur DrFE)
  3508 | D:3      | Killed Dartaoz's ghost
  3673 | D:3      | Found a runed translucent door.
  4246 | D:5      | Found a snail-covered altar of Cheibriados.
  4648 | D:6      | Reached XP level 8. HP: 70/70 MP: 7/7
  4753 | D:6      | Noticed Pikel
  4769 | D:6      | Killed Pikel
  4821 | D:6      | Gained mutation: You have an increased reservoir of magic.
                  | (+10% MP) [potion of mutation]
  4821 | D:6      | Gained mutation: You possess an exceptional clarity of
                  | mind. [potion of mutation]
  4821 | D:6      | Gained mutation: You are strong-willed. (Will+) [potion of
                  | mutation]
  4828 | D:6      | Reached XP level 9. HP: 28/79 MP: 8/8
  5261 | D:6      | Found a stormy altar of Qazlal.
  5262 | D:6      | Found an ornate altar of the Wu Jian Council.
  5341 | D:6      | Reached skill level 10 in Armour
  5743 | D:6      | Found a blossoming altar of Fedhas.
  5755 | D:6      | Became a worshipper of the Wu Jian Council
  6052 | D:7      | Reached skill level 10 in Axes
  6062 | D:7      | Noticed Menkaure
  6073 | D:7      | Killed Menkaure
  6184 | D:7      | Found a staircase to the Ecumenical Temple.
  6389 | D:7      | Noticed Dowan
  6391 | D:7      | Noticed Duvessa
  6398 | D:7      | Killed Duvessa
  6405 | D:7      | Killed Dowan
  6679 | D:7      | Found Zin's Purification Station.
  6682 | D:7      | Found a glowing silver altar of Zin.
  7037 | D:8      | Found a staircase to the Lair.
  7417 | D:9      | Noticed a cyclops
  7434 | D:9      | Killed a cyclops
  7726 | D:9      | Reached XP level 10. HP: 86/90 MP: 10/10
  7765 | D:9      | Reached * piety under Wu Jian
  7849 | D:9      | Found a radiant altar of Vehumet.
  8034 | D:9      | Noticed a two-headed ogre
  8044 | D:9      | Killed a two-headed ogre
  8415 | D:10     | Entered Level 10 of the Dungeon
  8600 | D:10     | Identified a scroll of acquirement
  8600 | D:10     | Acquired 817 gold pieces
  8839 | D:10     | Noticed a manticore
  8852 | D:10     | Killed a manticore
  9056 | D:10     | Noticed a two-headed ogre
  9061 | D:10     | Killed a two-headed ogre
  9062 | D:10     | Reached XP level 11. HP: 89/99 MP: 11/11
  9070 | D:10     | Found a runed translucent door.
  9346 | D:10     | Reached skill level 10 in Fighting
  9493 | D:10     | Noticed LetschGu's ghost (journeyman AtDe)
  9525 | D:10     | Killed LetschGu's ghost
  9579 | D:11     | Noticed a centaur warrior
  9586 | D:11     | Killed a centaur warrior
  9852 | D:11     | Identified the +12 war axe of Daibois {heavy, rN+}
  9928 | D:11     | Noticed a boulder beetle
  9940 | D:11     | Killed a boulder beetle
  9961 | D:11     | Reached ** piety under Wu Jian
 10485 | D:11     | Found a staircase to the Orcish Mines.
 10593 | D:12     | Noticed a boulder beetle
 10603 | D:12     | Killed a boulder beetle
 10660 | D:12     | Found a transporter.
 10664 | D:12     | Identified the +6 great mace of Ocecw {speed, Fragile rPois
                  | rCorr Int+4}
 10664 | D:12     | Noticed an ettin
 10664 | D:12     | Noticed a two-headed ogre
 10665 | D:12     | Noticed Querens's ghost (journeyman SpEn)
 10665 | D:12     | Noticed a two-headed ogre
 10666 | D:12     | Noticed a two-headed ogre
 10667 | D:12     | Noticed a two-headed ogre
 10667 | D:12     | Noticed a two-headed ogre
 10681 | D:12     | Noticed a boulder beetle
 10692 | D:12     | Killed a boulder beetle
 10693 | D:12     | Reached skill level 15 in Armour
 10856 | D:12     | Reached XP level 12. HP: 57/110 MP: 12/12
 11161 | D:12     | Reached skill level 15 in Axes
 11278 | D:12     | Found a transporter.
 11294 | D:12     | Reached *** piety under Wu Jian
 11294 | D:12     | Noticed Josephine
 11302 | D:12     | Killed Josephine
 11655 | Orc:1    | Entered Level 1 of the Orcish Mines
 11659 | Orc:1    | Noticed an orc high priest
 11669 | Orc:1    | Killed an orc high priest
 11923 | Orc:2    | Entered Level 2 of the Orcish Mines
 12001 | Orc:2    | Found a staircase to the Elven Halls.
 12225 | Orc:2    | Noticed a boulder beetle
 12244 | Orc:2    | Killed a boulder beetle
 12452 | Orc:2    | Reached **** piety under Wu Jian
 13007 | Orc:2    | Found Goclye's General Store.
 13242 | Orc:2    | Found Behaig's Distillery.
 13281 | Orc:2    | Bought a potion of might for 56 gold pieces
 13281 | Orc:2    | Bought a potion of heal wounds for 70 gold pieces
 13281 | Orc:2    | Bought a potion of might for 56 gold pieces
 13362 | Orc:2    | Noticed an orc high priest
 13370 | Orc:2    | Killed an orc high priest
 13378 | Orc:2    | Reached XP level 13. HP: 63/119 MP: 13/13
 13724 | Orc:2    | Reached ***** piety under Wu Jian
 13759 | Orc:2    | Found Madiag's Antique Armour Shop.
 13759 | Orc:2    | Found Vuugaon's Jewellery Boutique.
 13760 | Orc:2    | Found a one-way gate leading to the halls of Pandemonium.
 13777 | Orc:2    | Bought the ring "Aclut" {*Slow Fly rF++ rN+++} for 861 gold
                  | pieces
 13777 | Orc:2    | Bought a ring of willpower for 375 gold pieces
 13777 | Orc:2    | Bought an amulet of regeneration for 450 gold pieces
 14010 | Orc:2    | Noticed Maurice
 14030 | Orc:2    | Killed Maurice
 14601 | D:12     | Killed an ettin
 14605 | D:12     | Killed Querens's ghost
 15025 | D:13     | Found a gate leading to a gauntlet.
 15061 | Gauntlet | Entered a Gauntlet
 15061 | Gauntlet | Found a transporter.
 15061 | Gauntlet | Found a transporter.
 15088 | Gauntlet | Found a transporter.
 15090 | Gauntlet | Found a transporter.
 15102 | Gauntlet | Found a transporter.
 15104 | Gauntlet | Found a transporter.
 15120 | Gauntlet | Found a transporter.
 15150 | Gauntlet | Found a transporter.
 15168 | Gauntlet | Found a transporter.
 15170 | Gauntlet | Found a transporter.
 15203 | Gauntlet | Found a transporter.
 15206 | Gauntlet | Found a transporter.
 15370 | Gauntlet | Paralysed by a floating eye for 2 turns
 15467 | Gauntlet | Identified the +0 pair of boots "Ukoutuxt" {Fly rN+}
 15612 | Gauntlet | Identified the amulet of Wiak {RegenMP MP+9 Slay+2}
 15612 | Gauntlet | Noticed a minotaur
 15620 | Gauntlet | Killed a minotaur
 15746 | Gauntlet | Identified the +1 ring mail of Moenwoem {Str+2 Dex+2 SInv}
 15994 | D:13     | Noticed Urug
 16010 | D:13     | Killed Urug
 16634 | D:14     | Reached XP level 14. HP: 121/130 MP: 14/14
 16700 | D:14     | Noticed Louise
 16724 | D:14     | Killed Louise
 17024 | D:14     | Found a portal to a secret trove of treasure.
 17039 | Trove    | Entered a treasure trove
 17117 | Trove    | Identified the amulet "Emim" {Spirit Drain rElec rCorr
                  | Dex+3}
 17119 | Trove    | Identified the amulet "Gibbiusk" {rC+ rN+ Regen+ Str+2
                  | Int-3}
 17121 | Trove    | Identified the amulet "Gubruesa" {RegenMP Harm rC+}
 17155 | Trove    | Identified the +2 pair of boots of Vaduren {rF+ Will+ rCorr
                  | Int+2}
 17160 | Trove    | Identified the +2 hat of the Swamp {Will+}
 17344 | D:14     | Found a gate to the Vaults.
 17827 | D:14     | Reached skill level 5 in Shields
 17832 | D:15     | Entered Level 15 of the Dungeon
 18115 | D:15     | Found a glowing silver altar of Zin.
 18196 | D:15     | Noticed Azrael
 18203 | D:15     | Killed Azrael
 18288 | D:15     | Found a staircase to the Depths.
 18288 | D:15     | Noticed a frost giant
 18295 | D:15     | Killed a frost giant
 18638 | D:15     | Identified the +8 arbalest of the Endless Nights {flame,
                  | rElec rN+}
 18678 | D:15     | Noticed a storm dragon
 18787 | D:15     | Noticed a fire giant
 18796 | D:15     | Killed a fire giant
 18970 | D:15     | Identified the +9 broad axe "Seseq" {flame, *Rage +Blink
                  | rElec Dex+5}
 19013 | D:15     | Identified the +1 leather armour "Bafad" {rN+}
 19036 | D:15     | Noticed a tengu reaver
 19048 | D:15     | Killed a tengu reaver
 19049 | D:15     | Reached XP level 15. HP: 122/139 MP: 15/15
 19071 | D:15     | Noticed a frost giant
 19086 | D:15     | Killed a frost giant
 19312 | D:15     | Killed a storm dragon
 19676 | D:15     | Found Miuva's Assorted Antiques.
 19681 | D:15     | Bought a potion of heal wounds for 105 gold pieces
 20719 | Orc:1    | Found a runed translucent door.
 20760 | Orc:1    | Noticed Qioq's ghost (journeyman SpHu)
 20841 | Orc:1    | Killed Qioq's ghost
 20843 | Orc:1    | Identified the +5 falchion "Fodwag" {heavy, Fragile rPois
                  | Int+4}
 21437 | Lair:1   | Entered Level 1 of the Lair of Beasts
 21437 | Lair:1   | Noticed Sonja
 21462 | Lair:1   | Killed Sonja
 21738 | Lair:1   | Noticed Fannar
 21749 | Lair:1   | Killed Fannar
 21821 | Lair:1   | Identified the ring of Juod Mared {Fire Int+4 Slay-2}
 22598 | Lair:2   | Reached skill level 15 in Fighting
 23446 | Lair:3   | Found a staircase to the Swamp.
 23452 | Lair:3   | Reached skill level 10 in Shields
 23460 | Lair:3   | Found a transporter.
 23468 | Lair:3   | Found a transporter.
 23468 | Lair:3   | Noticed Ruockun's ghost (journeyman DsNe)
 23873 | Lair:3   | Found a staircase to the Snake Pit.
 24136 | Lair:3   | Killed Ruockun's ghost
 24169 | Lair:3   | Acquired 320 gold pieces
 24253 | Lair:4   | Found a staircase to the Slime Pits.
 24254 | Lair:4   | Found a viscous altar of Jiyva.
 24951 | Lair:5   | Entered Level 5 of the Lair of Beasts
 24969 | Lair:5   | Reached XP level 16. HP: 98/149 MP: 16/16
 26218 | Lair:4   | You are sucked into a shaft and drop 1 floor!
 26466 | Snake:1  | Entered Level 1 of the Snake Pit
 26658 | Snake:1  | Reached ****** piety under Wu Jian
 27252 | Snake:2  | Noticed Vashnia
 27297 | Snake:2  | Killed Vashnia
 27611 | Snake:2  | Noticed Aizul
 27624 | Snake:2  | Killed Aizul
 27910 | Snake:2  | Found Xavvy's Book Boutique.
 28064 | Snake:2  | Found a broken altar of Ashenzari.
 28274 | Snake:3  | Reached XP level 17. HP: 135/158 MP: 17/17
 29044 | Snake:4  | Entered Level 4 of the Snake Pit
 30005 | Snake:4  | Noticed a quicksilver dragon
 30005 | Snake:4  | Noticed a quicksilver dragon
 30013 | Snake:4  | Killed a quicksilver dragon
 30015 | Snake:4  | Killed a quicksilver dragon
 30382 | Snake:4  | Got a serpentine rune of Zot
 30999 | Vaults:1 | Entered Level 1 of the Vaults
 31262 | Vaults:1 | Reached skill level 15 in Shields
 31718 | Vaults:1 | Reached XP level 18. HP: 162/169 MP: 18/18
 32549 | Vaults:1 | Identified the +5 chain mail of Music {Harm rPois rCorr}
 34245 | Vaults:2 | Found Avuydeil's Jewellery Shop.
 34424 | Vaults:2 | Reached XP level 19. HP: 134/179 MP: 19/19
 36928 | Vaults:3 | Found a staircase to the Crypt.
 38777 | Vaults:5 | Entered Level 5 of the Vaults
 38983 | Vaults:4 | Reached XP level 20. HP: 152/189 MP: 21/21
 39061 | Vaults:5 | Noticed a golden dragon
 39275 | Vaults:4 | Killed a golden dragon
 39424 | Vaults:5 | Noticed an ancient lich
 39429 | Vaults:5 | Killed an ancient lich
 39799 | Vaults:5 | Noticed a golden dragon
 39819 | Vaults:5 | Killed a golden dragon
 39827 | Vaults:5 | Noticed a dread lich
 40230 | Vaults:4 | Acquired 656 gold pieces
 40231 | Vaults:4 | Acquired the ring "Faanuwno" {rN+ AC+4 Str+6 Int+3}
 40254 | Vaults:4 | Killed a dread lich
 40568 | Vaults:5 | Noticed a golden dragon
 41249 | Vaults:5 | Identified the +7 mace of the Last Scars {freeze, Dex+2}
 41653 | Vaults:5 | Reached XP level 21. HP: 129/199 MP: 22/22
 42080 | Vaults:5 | Killed a golden dragon
 42331 | Vaults:5 | Found Azopaa's Weapon Shoppe.
 42574 | Vaults:5 | Got a silver rune of Zot
 42665 | Vaults:5 | Identified the +4 kite shield "Ommogeuj" {rCorr MP-9 Slay+6
                  | SInv}
 42988 | Crypt:1  | Entered Level 1 of the Crypt
 43949 | Crypt:1  | Identified the +9 morningstar of Hell's Wrath {protect,
                  | rC+}
 43957 | Crypt:1  | Got Sif Muna's Enchiridion on the Wind and the Chill
 44130 | Crypt:2  | Reached skill level 1 in Dodging
 44609 | Crypt:2  | Noticed Saint Roka
 44620 | Crypt:2  | Killed Saint Roka
 45068 | Crypt:3  | Entered Level 3 of the Crypt
 45610 | Crypt:3  | Noticed Margery
 45621 | Crypt:3  | Killed Margery
 45744 | Crypt:3  | Found a staircase to the Tomb.
 45755 | Crypt:3  | Acquired 835 gold pieces
 45838 | Crypt:3  | Reached skill level 5 in Dodging
 46338 | Crypt:3  | Reached XP level 22. HP: 211/211 MP: 14/23
 46423 | Crypt:3  | Reached skill level 27 in Armour
 46423 | Crypt:3  | Found an ancient bone altar of Kikubaaqudgha.
 46431 | Crypt:3  | Found a basalt altar of Yredelemnul.
 47025 | Crypt:3  | Reached skill level 27 in Axes
 47364 | Tomb:1   | Entered Level 1 of the Tomb of the Ancients
 49828 | Tomb:1   | Noticed a royal mummy
 49844 | Tomb:1   | Killed a royal mummy
 50391 | Tomb:2   | Noticed a royal mummy
 50391 | Tomb:2   | Noticed a royal mummy
 50394 | Tomb:2   | Noticed a royal mummy
 50396 | Tomb:2   | Noticed a royal mummy
 50399 | Tomb:2   | HP: 7/213 [ushabti] (12)]
 50400 | Tomb:2   | HP: 2/213 [poisoned by an ushabti (dark miasma)]
 50400 | Tomb:2   | Killed from afar by a royal mummy

Illustrated notes

Levels and vault maps discovered:
D:1:      matt_arrival_grand_opening, layout_rooms, serial_forest,
          infiniplex_forest_clump_tiny, infiniplex_forest_clump_medium,
          infiniplex_forest_straight_2, infiniplex_forest_end_1,
          infiniplex_forest_lined_room_, infiniplex_forest_straight_1,
          infiniplex_forest_lined_2, infiniplex_forest_lined_3
D:2:      layout_loops_cross, shapermc_ecumenical_altar_acropolis,
          nrook_loot_triangle
D:3:      layout_rooms, mainiacjoe_overflow_small_starburst,
          ebering_ghost_sewer_f
D:4:      layout_cave_pods, serial_shops, nicolae_diamond_shop,
          nicolae_shop_behind_doors, kennysheep_mini_moat, shop
D:5:      layout_rooms, lemuel_coloured_pillars_altar, portal_sewer_entry_d,
          minmay_hedge_maze, minmay_holes, saegor_snake_ambush
D:6:      layout_loops_ring, gammafunk_temple_overflow_forgotten,
          chequers_serial_rivers_micro_d, uniq_pikel
D:7:      layout_loops_ring, zin_purify, minmay_temple_entry_large_hall,
          uniq_duvessa, uniq_menkaure
D:8:      minmay_klotski, layout_loops_ring, lair_entry_dummy
D:9:      layout_loops_ring, fiery_altar_vehumet
D:10:     layout_loops_ring, ebering_ghost_reflecting_pool, evilmike_butchery
D:11:     layout_roguey, orc_0_dummy
D:12:     layout_loops_ring, gammafunk_ghost_smash, serial_bayou_pond_b,
          uniq_josephine
D:13:     layout_small_grid, gauntlet_entry_generic, uniq_urug
D:14:     layout_loops_ring, david_vaults_2, enter_trove_2,
          nicolae_two_hexagons, minmay_statue_bubble, uniq_louise
D:15:     grunt_enter_depths_snipers, layout_basic, serial_shops, shop,
          lemuel_crystal_altar, nicolae_rejected_hall, uniq_azrael
Lair:1:   layout_cave_shapes, special_room [special_room_bee], uniq_fannar,
          uniq_sonja
Lair:2:   nzn_winding_woodlands_stair_cross [nzn_winding_woodlands_5x15_zeroes,
          nzn_winding_woodlands_center_diamonds,
          nzn_winding_woodlands_5x15_sidewinder,
          nzn_winding_woodlands_5x5_open_star,
          nzn_winding_woodlands_5x5_checkerboard,
          nzn_winding_woodlands_5x15_default,
          nzn_winding_woodlands_center_triple_pond,
          nzn_winding_woodlands_5x15_default], layout_cave_pods
Lair:3:   layout_roguey, minmay_swamp_entry_reptiles,
          minmay_snake_entry_guardpost_small, gammafunk_ghost_arena,
          serial_bayou_shore_a, grunt_megastairs_5
Lair:4:   layout_gridlike, minmay_slime_entry_oklob_open, grunt_megastairs_1,
          lemuel_fruit_fields, infiniplex_staircase_pool_2
Lair:5:   minmay_lair_end_enchanted_forest, layout_big_grid
Snake:1:  layout_cave_shapes, st_stairs_12
Snake:2:  layout_onion, basic_altar, serial_shops, shop, uniq_vashnia,
          uniq_aizul
Snake:3:  layout_basic
Snake:4:  hellmonk_snake_rune_quicksilver_temple, layout_cave_town
Orc:1:    layout_caves, ebering_ghost_inner_flame
Orc:2:    pf_orc_diabolical, layout_caves, basic_altar, rock_pile, uniq_maurice
Vaults:1: v_misc_10, v_pattern_5, nicolae_vaults_windows_and_doors_thing,
          grunt_vaults_trifunnel, nicolae_vaults_twisting_passages,
          hangedman_vaults_slice, ontoclasm_vaults_twist, v_misc_24,
          grunt_vaults_diagonal, vaults_mumra_chevron_long, v_misc_22,
          ontoclasm_vaults_claustrophobia, layout_vaults_omnicross
Vaults:2: nicolae_vaults_arrows, ontoclasm_vaults_idyll, hangedman_vaults_nails,
          hangedman_vaults_capsules, nicolae_vaults_network_star,
          hangedman_vaults_stream, ontoclasm_vaults_hangar, grunt_vaults_twisty,
          grunt_vaults_hallway_short, nicolae_vaults_c_with_doors,
          vaults_room_stairs_pillars, layout_vaults_maze_bifur, serial_shops,
          shop
Vaults:3: v_misc_17, nicolae_vaults_network_barrier,
          nicolae_vaults_fighting_squares, nicolae_vaults_what_the_h,
          vaults_standard_mumra_lines, v_misc_29,
          minmay_crypt_entry_skeletal_spiral, vaults_dpeg_hooks,
          layout_vaults_omnigrid
Vaults:4: nicolae_vaults_rhombus_5, v_alt_pattern_4, ontoclasm_vaults_spin,
          ontoclasm_vaults_ring_small, nicolae_vaults_little_squares_1,
          v_misc_3, vaults_room_semicircle, layout_vaults_chaotic_city
Vaults:5
Crypt:1:  statuecave_lemuel, layout_chaotic_city
Crypt:2:  layout_misc_corridors, st_stairs_13, uniq_saint_roka
Crypt:3:  lightli_unholy_cathedral, layout_chaotic_city,
          tomb_entry_pyramid_bobbens, uniq_margery
Tomb:1
Tomb:2

Skill      XL: |  1  2  3  4  5  6  7  8  9 10 11 12 13 14 15 16 17 18 19 20 21 22 |
---------------+-------------------------------------------------------------------+-----
Armour         | 4 5 6 7 9 11 13 15 16 18 19 20 21 23 24 25 26 27 | 27.0
Axes           | 3 4 5 6 7 9 11 12 14 16 18 19 20 21 22 23 24 25 26 27 | 27.0
Fighting       | 4 5 6 7 8 9 11 12 13 14 15 16 17 18 19 20 21 | 21.6
Shields        | 8 11 13 15 16 18 20 22 | 22.0
Dodging        | 5 9 |  9.2

Action                   |  1- 3 |  4- 6 |  7- 9 | 10-12 | 13-15 | 16-18 | 19-21 | 22-24 || total
-------------------------+-------+-------+-------+-------+-------+-------+-------+-------++-------
Melee: War axe           |    96 |    18 |       |   248 |   364 |       |       |       ||   726
       Headbutt          |    14 |     9 |    67 |   100 |   185 |   251 |   412 |    84 ||  1122
       Hand axe          |       |    57 |   343 |   231 |       |       |       |       ||   631
       Broad axe         |       |       |       |       |   391 |  1059 |  1235 |   286 ||  2971
Invok: Lunge             |       |       |     8 |    44 |    46 |    89 |    95 |    39 ||   321
       Whirlwind         |       |       |       |    47 |    84 |   182 |   214 |    39 ||   566
       Serpent's Lash    |       |       |       |       |       |     1 |       |       ||     1
  Use: Potion            |       |     3 |    12 |     2 |    16 |     4 |    13 |     4 ||    54
       Scroll            |       |       |    17 |     5 |    20 |     4 |    16 |     8 ||    70
Armor: Scale mail        |    62 |    50 |    45 |       |       |       |       |       ||   157
       Plate armour      |       |       |   115 |   155 |   504 |   488 |   479 |   217 ||  1958
Dodge: Dodged            |    60 |    50 |   111 |    90 |   120 |   148 |   151 |   120 ||   850
Block: Buckler           |    28 |    26 |    31 |       |       |       |       |       ||    85
       Kite shield       |       |       |    63 |   265 |   102 |       |   293 |   507 ||  1230
       Reflection        |       |       |     3 |    23 |    23 |   136 |    90 |     1 ||   276
       Tower shield      |       |       |       |       |   578 |  1030 |   819 |       ||  2427

Table legend: (Time is in decaauts)
 A = Elapsed time spent in this place.
 B = Non-inter-level travel time spent in this place.
 C = Inter-level travel time spent in this place.
 D = Time resting spent in this place.
 E = Time spent auto-exploring this place.
 F = Levels seen in this place.
 G = Mean time per level.
                   A        B        C        D        E       F      G
               +--------+--------+--------+--------+--------+-----+--------+
         Total |  50391 |  49082 |   1309 |   7371 |  25014 |  38 | 1326.1 |
       Dungeon |  17304 |  16314 |    990 |   1467 |  10057 |  15 | 1153.6 |
          Lair |   5106 |   4954 |    152 |     59 |   3074 |   5 | 1021.2 |
     Snake Pit |   4301 |   4268 |     33 |    778 |   2193 |   4 | 1075.2 |
  Orcish Mines |   3620 |   3597 |     23 |    472 |   1409 |   2 | 1810.0 |
        Vaults |  11903 |  11795 |    108 |   2307 |   5924 |   5 | 2380.6 |
         Crypt |   4935 |   4935 |      0 |   1403 |   1973 |   3 | 1645.0 |
          Tomb |   2373 |   2373 |      0 |    782 |    301 |   2 | 1186.5 |
         Trove |    152 |    152 |      0 |      0 |     28 |   1 |  152.0 |
      Gauntlet |    693 |    693 |      0 |    101 |     55 |   1 |  693.0 |
               +--------+--------+--------+--------+--------+-----+--------+

Top non-repeatable levels by time:
Vaults:4: 3266 daAuts
 Crypt:3: 2847 daAuts
   Orc:2: 2658 daAuts
Vaults:2: 2482 daAuts
Vaults:5: 2479 daAuts
  Tomb:1: 2362 daAuts
    D:15: 2022 daAuts
Vaults:3: 1858 daAuts
Vaults:1: 1816 daAuts
 Snake:4: 1677 daAuts
    D:12: 1499 daAuts
     D:6: 1280 daAuts
     D:9: 1256 daAuts
  Lair:5: 1255 daAuts
    D:10: 1233 daAuts
